 Dungeon Crawl Stone Soup version 0.27.1-33-g824d729ab1 (webtiles) character file.

Game seed: 14503330014903433744

27 Ekaitz the Stinger (level 3, 0/28 HPs)
             Began as a Naga Venom Mage on Dec 13, 2021.
             Slain by a rat (2 damage)
             ... on level 2 of the Dungeon.
             The game lasted 00:02:12 (1111 turns).

Ekaitz the Stinger (Naga Venom Mage)                Turns: 1111, Time: 00:02:12

Health: 0/28       AC:  2    Str: 16    XL:     3   Next: 10%
Magic:  4/6        EV: 10    Int: 15    God:
Gold:   4          SH:  0    Dex: 12    Spells: 3/6 levels left

rFire    . . .     SeeInvis +   (no weapon)
rCold    . . .     Faith    .   (no shield)
rNeg     . . .     Spirit   .   a - +0 robe
rPois    +         Reflect  .   (no helmet)
rElec    .         Harm     .   (no cloak)
rCorr    .         Rampage  .   (no gloves)
Will     .....                  (no barding)
Stlth    ++........             (no amulet)
HPRegen  0.09/turn              e - +6 ring of strength
MPRegen  0.10/turn              (no ring)

@: very slow
A: AC +1, large, see invisible, deformed body, poison resistance, slowness 2,
spit poison 1, naga tail 1
a: Spit Poison


You were on level 2 of the Dungeon.
You visited 1 branch of the dungeon, and saw 2 of its levels.

You collected 4 gold pieces.

Inventory:

Armour
 a - a +0 robe (worn)
 f - a +4 ring mail
Jewellery
 e - a +6 ring of strength (left hand)
Scrolls
 b - a scroll of identify {unknown}
 g - a scroll of magic mapping {unknown}
Potions
 c - a potion of curing {unknown}
 d - a potion of haste {unknown}


   Skills:
 * Level 0.1 Fighting
 + Level 1.8 Dodging
 + Level 3.0 Stealth
 + Level 2.1 Spellcasting
 + Level 1.2 Transmutations
 * Level 0.1 Air Magic
 * Level 4.9 Poison Magic


You had 3 spell levels left.
You knew the following spells:

 Your Spells              Type           Power      Damage    Failure   Level
a - Sting                 Tmut/Pois      40%        1d5       6%          1
b - Poisonous Vapours     Pois/Air       18%        N/A       12%         2

Your spell library contained the following spells:

 Spells                   Type           Power      Damage    Failure   Level
 Mephitic Cloud           Conj/Pois/Air  6%         N/A       32%         3
 Olgreb's Toxic Radiance  Pois           16%        N/A       28%         4


Dungeon Overview and Level Annotations

Branches:
Dungeon (2/15)

Altars:
Qazlal


Innate Abilities, Weirdness & Mutations

Your serpentine skin is tough. (AC +1)
You have supernaturally acute eyesight. (SInv)
Armour fits poorly on your strangely shaped body.
Your system is resistant to poisons. (rPois)
You cover ground very slowly.
You can spit poison.
You have a snake-like lower body.


Message History

The hobgoblin barely misses you. The hobgoblin hits you.
The endoplasm hits you but does no damage.
A giant cockroach comes into view.
Found a stone staircase leading down.
The endoplasm barely misses you. The hobgoblin hits you.
You are too injured to fight recklessly!
You are too injured to fight recklessly!
Casting: Sting (safe; 6% risk of failure)
Confirm with . or Enter, or press ? or * to list all spells.
Aiming: Sting (safe; 6% risk of failure)
Press: ? - help, Shift-Dir - straight line, f/p - hobgoblin
Aim: a hobgoblin (lightly wounded, 71% to hit)
The sting hits the endoplasm.
The endoplasm partially resists.
The endoplasm is heavily wounded.
The endoplasm freezes you.
You are frozen.
* * * LOW HITPOINT WARNING * * *
Press: ? - help, Shift-Dir - straight line, f/p - hobgoblin
Aim: a hobgoblin (lightly wounded)
The splash of poison hits the endoplasm.
The endoplasm is poisoned.
The endoplasm is severely wounded.
The endoplasm misses you. The rat bites you.
* * * LOW HITPOINT WARNING * * *
The rat barely misses you. The endoplasm misses you.
The rat bites you but does no damage.
Unknown command.
You kill the endoplasm!
The rat closely misses you.
Unknown command.
Found a ruby potion.
The rat barely misses you.
You have got your breath back.
The hobgoblin hits you.
* * * LOW HITPOINT WARNING * * *
There is a stone staircase leading down here.
Found 2 bubbling pink potions and 17 gold pieces.
The rat bites you.
You die...

#........... ...
.$!..... #.
.......... ...
....!...
...###.#...### ..
..............
.##.##.#...#...#
.#...#....#..@.#
###J..........gr#.#
.r............>##.#
.#J............# .#
......w........#
.#### .><#
..........#.....
...#
...##...#.#.#.#
...###.#
#####.#...#
.....#.# #....####


You could see a hobgoblin and a rat.

Vanquished Creatures
  An adder (D:2)
  An endoplasm (D:2)
  2 giant cockroaches (D:1)
  4 hobgoblins
  4 jackals (D:1)
  A ball python (D:1)
  A bat (D:1)
  A frilled lizard (D:1)
  A rat (D:1)
16 creatures vanquished.

Notes
Turn   | Place    | Note
-------+----------+-------------------------------------------
     0 | D:1      | Ekaitz the Naga Venom Mage began the quest for the Orb.
     0 | D:1      | Reached XP level 1. HP: 15/15 MP: 3/3
   462 | D:1      | Found a faded altar of an unknown god.
   482 | D:1      | Reached XP level 2. HP: 12/22 MP: 1/5
   486 | D:1      | Learned a level 2 spell: Poisonous Vapours
  1079 | D:2      | Found a stormy altar of Qazlal.
  1084 | D:2      | Reached XP level 3. HP: 17/28 MP: 2/6
  1111 | D:2      | Slain by a rat

Illustrated notes

Levels and vault maps discovered:
D:1:      dpeg_arrival_tiny_h, layout_loops_cross,
          hellmonk_ecumenical_altar_dog_temple, kennysheep_doodads,
          minmay_misc_feat_more_columns
D:2:      layout_rooms, basic_altar, uniq_sigmund

Action                   || total
-------------------------++-------
 Cast: Sting             ||    28
 Abil: Spit Poison       ||     8
Armor: Robe              ||     6
Dodge: Dodged            ||    23
